 Dungeon Crawl Stone Soup version 0.32-a0-41-gec2d92a32c (webtiles) character file.

Game seed: 12308972768941306117

18 whatisthis the Vexing (level 2, -1/23 HPs)
             Began as a Gnoll Hexslinger on Jan 25, 2024.
             Engulfed by a cloud of poison gas (9 damage)
             ... on level 1 of the Dungeon.
             The game lasted 00:01:24 (358 turns).

whatisthis the Vexing (Gnoll Hexslinger)             Turns: 358, Time: 00:01:24

Health: -1/23      AC:  7    Str:  7    XL:     2   Next: 70%
Magic:  5/5        EV: 11    Int: 12    God:
Gold:   31         SH:  0    Dex: 14    Spells: 6/6 levels left

rFire   + . .        a - +1 sling
rCold   . . .        (no shield)
rNeg    + . .        h - +2 ring mail {rF+}
rPois   .            (no helmet)
rElec   .            (no cloak)
rCorr   .            (no gloves)
SInv    .            (no boots)
Will    .....        (no amulet)
Stlth   +            f - ring of positive energy
HPRegen 0.23/turn    (no ring)
MPRegen 0.09/turn

%: no passive effects
@: lethally poisoned (-1 -> -24)
A: fangs 1, strong nose, distributed training
a: no special abilities


You were on level 1 of the Dungeon.
You visited 1 branch of the dungeon, and saw 1 of its levels.

You collected 31 gold pieces.

Inventory:

Hand Weapons
 a - a +1 sling (weapon)
Armour
 h - a +2 ring mail of fire resistance (worn)
Jewellery
 f - a ring of positive energy (left hand)
Scrolls
 d - a scroll of noise {unknown}
 e - a scroll of vulnerability {unknown}
 g - a scroll of enchant weapon {unknown}


   Skills:
 + Level 2.5 Fighting
 + Level 0.5 Short Blades
 + Level 0.5 Long Blades
 + Level 0.5 Axes
 + Level 0.5 Maces & Flails
 + Level 0.5 Polearms
 + Level 0.5 Staves
 + Level 4.5 Ranged Weapons
 + Level 0.5 Throwing
 + Level 0.5 Armour
 + Level 4.5 Dodging
 + Level 0.5 Stealth
 + Level 0.5 Shields
 + Level 0.5 Unarmed Combat
 + Level 2.7 Spellcasting
 + Level 0.3 Conjurations
 + Level 5.3 Hexes
 + Level 0.3 Summonings
 + Level 0.3 Necromancy
 + Level 0.3 Translocations
 + Level 2.0 Fire Magic
 + Level 0.3 Ice Magic
 + Level 0.3 Air Magic
 + Level 0.3 Earth Magic
 + Level 0.3 Alchemy
 + Level 0.6 Invocations
 + Level 0.5 Evocations
 + Level 0.4 Shapeshifting


You had 6 spell levels left.
You didn't know any spells.
Your spell library contained the following spells:

 Spells                   Type           Power      Damage    Failure   Level
 Jinxbite                 Hex            28%        N/A       14%         2
 Sigil of Binding         Hex            14%        N/A       28%         3
 Inner Flame              Hex/Fire       10%        N/A       50%         3
 Cause Fear               Hex            7%         N/A       67%         4
 Dimensional Bullseye     Hex/Tloc       4%         N/A       95%         4


Dungeon Overview and Level Annotations

Branches:
Dungeon (1/15)

Altars:


Innate Abilities, Weirdness & Mutations

You have very sharp teeth.
Your uncanny sense of smell can sniff out nearby items.
Your experience applies equally to all skills.


Message History

The kobold hits you with a +2 dagger of protection.
Fire: a) +1 sling
Press: ? - help, Q - select action Shift-Dir - straight line, f/p - kobold
Aim: a kobold, wielding a +2 dagger of protection and quivering stones (53% to hit)
You shoot a sling bullet.
The sling bullet closely misses the kobold.
The kobold hits you with a +2 dagger of protection.
The kobold hits you but does no damage.
Fire: a) +1 sling
Press: ? - help, Q - select action Shift-Dir - straight line, f/p - kobold
Aim: a kobold, wielding a +2 dagger of protection and quivering stones (53% to hit)
You shoot a sling bullet.
The sling bullet hits the kobold but does no damage.
The kobold hits you but does no damage.
You shoot a sling bullet.
The sling bullet hits the kobold but does no damage.
The kobold hits you but does no damage.
You shoot a sling bullet.
The sling bullet hits the kobold but does no damage.
The kobold hits you with a +2 dagger of protection.
The kobold hits you but does no damage.
You shoot a sling bullet.
The sling bullet completely misses the kobold.
The kobold barely misses you.
You shoot a sling bullet.
The sling bullet barely misses the kobold.
The kobold closely misses you.
You shoot a sling bullet.
The sling bullet hits the kobold but does no damage.
The kobold barely misses you.
The kobold hits you with a +2 dagger of protection.
You shoot a sling bullet.
The sling bullet closely misses the kobold.
The kobold hits you but does no damage.
The air fills with toxic fumes!
As you read the scroll of poison, it crumbles to dust.
The kobold hits you with a +2 dagger of protection.
You are engulfed in poison gas.
You are lethally poisoned!
You die...

...§§♣....#..#..#.#
....≈.....#..#..#.##
..........#..##....#
............###....#
...........## #§####
###.######.# #§# #.#
#.# #§## #.# ###.#
#§§## #.####...#
##@§# #.#....###
##.# #...#### #K#
#..## #§# ##.# #§#
### #§#∆ §§§ ∆ §§§
.§§§.


You could see a kobold.

Vanquished Creatures
  2 endoplasms (D:1)
  A giant cockroach (D:1)
  2 goblins (D:1)
  4 jackals (D:1)
  3 quokkas (D:1)
  A ball python (D:1)
  A bat (D:1)
  A rat (D:1)
15 creatures vanquished.

Notes
Turn   | Place    | Note
-------+----------+-------------------------------------------
     0 | D:1      | whatisthis the Gnoll Hexslinger began the quest for the
                  | Orb.
     0 | D:1      | Reached XP level 1. HP: 17/17 MP: 4/4
   124 | D:1      | Reached XP level 2. HP: 23/23 MP: 5/5
   358 | D:1      | Engulfed by a cloud of poison gas

Illustrated notes

Levels and vault maps discovered:
D:1:      orjb1_lava_funnel, layout_rooms

Skill      XL: |  1 |
---------------+----+-----
Fire Magic     | 2 |  2.0
Fighting       | |  2.5
Short Blades   | |  0.5
Long Blades    | |  0.5
Axes           | |  0.5
Maces & Flails | |  0.5
Polearms       | |  0.5
Staves         | |  0.5
Ranged Weapons | |  4.5
Throwing       | |  0.5
Armour         | |  0.5
Dodging        | |  4.5
Stealth        | |  0.5
Shields        | |  0.5
Unarmed Combat | |  0.5
Spellcasting   | |  2.7
Conjurations   | |  0.3
Hexes          | |  5.3
Summonings     | |  0.3
Necromancy     | |  0.3
Translocations | |  0.3
Ice Magic      | |  0.3
Air Magic      | |  0.3
Earth Magic    | |  0.3
Alchemy        | |  0.3
Invocations    | |  0.6
Evocations     | |  0.5
Shapeshifting  | |  0.4

Action                     || total
---------------------------++-------
   Fire: Sling             ||    64
    Use: Scroll            ||     1
 Armour: Ring mail         ||    25
         Robe              ||     5
  Dodge: Dodged            ||    32

Table legend: (Time is in decaauts)
 A = Elapsed time spent in this place.
 B = Non-inter-level travel time spent in this place.
 C = Inter-level travel time spent in this place.
 D = Time resting spent in this place.
 E = Time spent auto-exploring this place.
 F = Levels seen in this place.
 G = Mean time per level.
                   A        B        C        D        E       F      G
               +--------+--------+--------+--------+--------+-----+--------+
         Total |    374 |    374 |      0 |     64 |    127 |   1 |  374.0 |
       Dungeon |    374 |    374 |      0 |     64 |    127 |   1 |  374.0 |
               +--------+--------+--------+--------+--------+-----+--------+

Top non-repeatable levels by time:
     D:1: 374 daAuts
